 Dungeon Crawl Stone Soup version 0.26-a0-670-g578ab304f5 (webtiles) character file.

Game seed: 6482816234297833729

14301 Kinoniko the Fencer (level 11, -16/133 HPs)
             Began as a Vampire Berserker on Oct 19, 2020.
             Was a High Priest of Trog.
             Killed from afar by Frances (39 damage)
             ... with an iron shot
             ... on level 14 of the Dungeon.
             The game lasted 00:25:25 (12698 turns).

Kinoniko the Fencer (Vampire Berserker)            Turns: 12698, Time: 00:25:27

Health: -16/133    AC: 12    Str: 19    XL:     11   Next: 86%
Magic:  11/11      EV: 15    Int: 10    God:    Trog [*****.]
Gold:   604        SH:  0    Dex: 14    Spells: 10/10 levels left

rFire    + . .     SeeInvis +   M - +2 scimitar
rCold    . . .     Faith    .   (no shield)
rNeg     . . .     Spirit   .   x - +0 troll leather armour
rPois    .         Reflect  .   k - +1 hat
rElec    .         Harm     .   (no cloak)
rCorr    .         Rampage  .   D - +0 pair of gloves
MR       +....                  s - +1 pair of boots
Stlth    ..........             g - amulet of regeneration
HPRegen  1.32/turn              t - +4 ring of protection
MPRegen  0.12/turn              L - ring of protection from fire

@: berserking, lethally poisoned (-16 -> -25), regenerating quickly, very quick
A: fangs 3, see invisible, unbreathing
a: Exsanguinate, Berserk, Trog's Hand, Brothers in Arms, Renounce Religion


You were on level 14 of the Dungeon.
You worshipped Trog.
Trog was extremely pleased with you.
You visited 1 branch of the dungeon, and saw 14 of its levels.
You also visited: Ossuary.

You collected 604 gold pieces.

Inventory:

Hand Weapons
 E - a +1 vorpal great sword
 K - a +3 long sword of flaming
 M - a +2 scimitar (weapon)
Armour
 c - a +0 ring mail
 f - a +2 scale mail
 k - a +1 hat (worn)
 s - a +1 pair of boots (worn)
 x - a +0 troll leather armour (worn)
 D - a +0 pair of gloves (worn)
 H - a +0 plate armour
Jewellery
 a - an uncursed ring of flight
 g - an amulet of regeneration (around neck)
 t - a +4 ring of protection (left hand)
 z - an uncursed amulet of magic regeneration {unknown}
 L - a ring of protection from fire (right hand)
Wands
 u - a wand of enslavement (14)
 w - a wand of iceblast (7)
 B - a wand of polymorph (11)
 I - a wand of paralysis (6)
Scrolls
 e - a scroll of identify
 m - 4 scrolls of fog
 n - a scroll of silence
 q - 5 scrolls of remove curse
 v - a scroll of blinking
 F - a scroll of magic mapping
Potions
 b - a potion of resistance {unknown}
 d - 3 potions of curing
 h - 2 potions of mutation
 j - a potion of heal wounds
 l - 3 potions of magic {unknown}
 o - a potion of lignification {unknown}
 p - a potion of cancellation {unknown}
 r - 2 potions of ambrosia
 C - 3 potions of flight


   Skills:
 * Level 9.6 Fighting
 + Level 15.1 Long Blades
 - Level 1.5 Armour
 * Level 6.7 Dodging


You had 10 spell levels left.
You didn't know any spells.
Your spell library contained the following spells:

 Spells                   Type           Power        Failure   Level
 Animate Skeleton         Necr           #.....       41%         1
 Apportation              Tloc           #.....       41%         1
 Corona                   Hex            #......      41%         1
 Foxfire                  Conj/Fire      #...         41%         1
 Summon Small Mammal      Summ           #...         41%         1
 Conjure Flame            Conj/Fire      #.......     80%         3
 Inner Flame              Hex/Fire       #.......     80%         3
 Sticky Flame             Conj/Fire      #.......     99%         4
 Fireball                 Conj/Fire      #.........   100%        5


Dungeon Overview and Level Annotations

Branches:
Dungeon (15/15)            Temple (0/1) D:4            Lair (0/6) D:11
    Orc (0/2) D:10         Depths (0/5) D:15        Ossuary (visited)
 Vaults: D:13-14

Altars:
Ashenzari
Elyvilon
Fedhas
Gozag
Hepliaklqana
Kikubaaqudgha
Nemelex Xobeh
Okawaru
Trog
Vehumet
Wu Jian
Xom
Yredelemnul

Shops:
D:4 :

Annotations:
D:11 exclusion: oklob plant
D:14 Frances


Innate Abilities, Weirdness & Mutations

Your natural rate of healing is unusually fast.
You have razor-sharp teeth.
You have supernaturally acute eyesight. (SInv)
You can survive without breathing.


Message History

Frances seems to speed up.
The red devil misses you.
You barely miss Frances.
Frances is severely wounded.
You feel sick. The sun demon misses you.
You riposte.
You completely miss the sun demon.
The sun demon is severely wounded.
The orange demon completely misses you. The acid dragon spits acid at you.
The splash of acid hits you.
* * * LOW HITPOINT WARNING * * *
You are splashed with acid!
* * * LOW HITPOINT WARNING * * *
You hear a shout! x3; You hear an angry buzzing noise.
You slice Frances!!
Frances is almost dead.
You feel sick.
You hear a shout!
Frances screams a word of power!
The iron shot hits you!!!
You die...

#)# .. ##.$
... #.. #.#
#.####.#####?.
#....D@@4Z....
######3######.
#4# #.. #..
##.# .# .#


You could see Frances (fast), a sun demon (summoned), an orange demon
(summoned), a red devil (summoned), an acid dragon and a centaur warrior zombie.

Vanquished Creatures
  5 two-headed ogres
  A cyclops (D:11)
  A troll (D:11)
  A hornet (D:10)
  Sigmund (D:6)
  A wyvern (D:12)
  A water elemental (D:11)
  3 wraiths
  12 yaks
  2 water moccasins
  8 orc warriors
  2 black bears
  A sky beast (D:7)
  A phantom (D:6)
  An ice beast (D:11)
  2 necrophages
  6 ogres
  4 wolves (D:11)
  15 centaurs
  4 big kobolds
  2 elf zombies (Ossuary)
  A wyvern zombie (D:6)
  2 water moccasin zombies
  5 scorpions
  4 killer bees (D:8)
  5 wights (D:11)
  4 electric eels
  A bullfrog zombie (D:6)
  3 centaur zombies
  A centaur skeleton (D:6)
  3 jellies
  5 bullfrog skeletons
  9 orc priests
  8 hounds
  20 orc wizards
  3 iguanas
  10 worker ants
  A killer bee zombie (D:8)
  A big kobold zombie (Ossuary)
  2 hound zombies (D:8)
  3 mummies
  A howler monkey zombie (D:7)
  A worker ant zombie (D:11)
  7 gnolls
  A river rat (D:3)
  14 adders
  2 shadow imps
  2 white imps (D:5)
  4 ufetubi
  3 oozes
  2 adder skeletons
  An adder zombie (D:6)
  4 worms
  5 leopard geckos
  50 orcs
  2 ball pythons
  2 giant cockroaches
  3 goblins
  6 hobgoblins
  3 jackals
  5 quokkas
  5 bats
  5 frilled lizards
  3 goblin zombies (Ossuary)
  13 hobgoblin zombies (Ossuary)
  2 jackal zombies (Ossuary)
  22 kobolds
  9 kobold zombies
  5 orc zombies
  8 rats
  3 rat zombies (Ossuary)
358 creatures vanquished.

Vanquished Creatures (collateral kills)
  A yak (D:11)
  3 wights (D:11)
  2 kobolds (D:11)
6 creatures vanquished.

Vanquished Creatures (others)
  5 plants (D:7)
  8 withered plants (D:7)
13 creatures vanquished.

Grand Total: 377 creatures vanquished

Notes
Turn   | Place    | Note
-------+----------+-------------------------------------------
     0 | D:1      | Kinoniko the Vampire Berserker began the quest for the Orb.
     0 | D:1      | Reached XP level 1. HP: 17/17 MP: 1/1
   103 | D:1      | Reached XP level 2. HP: 12/23 MP: 2/2
   780 | D:2      | Reached XP level 3. HP: 29/29 MP: 3/3
   823 | D:2      | You fall into a shaft and drop 2 floors!
   838 | D:3      | Reached skill level 4 in Long Blades
  1113 | D:3      | Reached XP level 4. HP: 21/35 MP: 4/4
  1458 | D:2      | Found a hazy altar of Hepliaklqana.
  1837 | D:3      | Reached ** piety under Trog
  1924 | D:3      | Reached XP level 5. HP: 42/42 MP: 5/5
  2074 | D:3      | Reached skill level 5 in Long Blades
  2920 | D:4      | Reached XP level 6. HP: 48/48 MP: 6/6
  3010 | D:4      | Found Memoq's Book Shoppe.
  3042 | D:4      | Reached skill level 6 in Long Blades
  3219 | D:4      | Found a staircase to the Ecumenical Temple.
  3300 | D:4      | Found a bloodstained altar of Trog.
  3398 | D:4      | Reached XP level 7. HP: 55/55 MP: 7/7
  3720 | D:5      | Entered Level 5 of the Dungeon
  3742 | D:5      | Reached skill level 7 in Long Blades
  3748 | D:5      | Reached skill level 5 in Fighting
  3868 | D:5      | Found a sand-covered staircase.
  3877 | Ossuary  | Entered an ossuary
  3905 | Ossuary  | Reached *** piety under Trog
  4235 | Ossuary  | Reached **** piety under Trog
  4246 | Ossuary  | Reached skill level 8 in Long Blades
  4564 | D:5      | Reached XP level 8. HP: 61/63 MP: 8/8
  4736 | D:5      | Found an iron altar of Okawaru.
  5287 | D:6      | Reached skill level 9 in Long Blades
  5385 | D:6      | Reached skill level 10 in Long Blades
  5456 | D:6      | Found an opulent altar of Gozag.
  5536 | D:6      | Found a sparkling altar of Nemelex Xobeh.
  5651 | D:6      | Noticed Sigmund
  5663 | D:6      | Killed Sigmund
  5663 | D:6      | Reached XP level 9. HP: 68/68 MP: 9/9
  5823 | D:6      | Reached skill level 11 in Long Blades
  6300 | D:7      | Found a radiant altar of Vehumet.
  6301 | D:7      | Found a white marble altar of Elyvilon.
  6894 | D:7      | Found a broken altar of Ashenzari.
  7040 | D:7      | Reached skill level 12 in Long Blades
  7058 | D:7      | Reached ***** piety under Trog
  7246 | D:7      | Found an ancient bone altar of Kikubaaqudgha.
  7246 | D:7      | Found a blossoming altar of Fedhas.
  7529 | D:8      | Noticed a two-headed ogre
  7542 | D:8      | Killed a two-headed ogre
  7585 | D:7      | Reached skill level 13 in Long Blades
  7630 | D:8      | Reached XP level 10. HP: 75/75 MP: 10/10
  8031 | D:8      | Found a basalt altar of Yredelemnul.
  8108 | D:8      | Noticed a two-headed ogre
  8117 | D:8      | Killed a two-headed ogre
  8945 | D:9      | Found an ornate altar of the Wu Jian Council.
  9007 | D:9      | Noticed a two-headed ogre
  9014 | D:9      | Killed a two-headed ogre
  9014 | D:9      | Reached skill level 14 in Long Blades
  9368 | D:9      | Received a gift from Trog
  9955 | D:10     | Entered Level 10 of the Dungeon
 10444 | D:10     | Noticed a two-headed ogre
 10456 | D:10     | Killed a two-headed ogre
 10456 | D:10     | Reached XP level 11. HP: 83/83 MP: 11/11
 10502 | D:10     | Noticed a two-headed ogre
 10510 | D:10     | Killed a two-headed ogre
 10687 | D:10     | Found a staircase to the Orcish Mines.
 10896 | D:11     | Reached skill level 5 in Dodging
 11078 | D:11     | Found a staircase to the Lair.
 11086 | D:11     | Found a broken altar of Ashenzari.
 11333 | D:11     | Received a gift from Trog
 11532 | D:11     | Reached skill level 15 in Long Blades
 11799 | D:11     | Found a shimmering altar of Xom.
 11799 | D:11     | Noticed an oklob plant
 12632 | D:12     | You fall into a shaft and drop 3 floors!
 12632 | D:15     | Entered Level 15 of the Dungeon
 12683 | D:14     | Noticed Frances
 12685 | D:14     | Noticed a sun demon
 12698 | D:14     | Killed from afar by Frances

Illustrated notes

Levels and vault maps discovered:
D:1:      ebering_trefoil_twist, layout_loops_ring, minmay_bisected
D:2:      layout_rooms, lemuel_coloured_pillars_altar, minmay_misc_feat_iff
D:3:      layout_basic, serial_co_window_serial, co_window_paths_b,
          co_window_of_opportunity_a, co_window_paths_b, co_window_corner_a,
          co_window_corner_a, co_window_broadway_b, co_window_broadway_c,
          co_window_broadway_c, co_window_4corner_b, glass_columns_c,
          glass_columns_a, glass_columns_a, gup_sewer_entry_bowl
D:4:      layout_basic, lightli_temple_of_fire,
          minmay_temple_entry_proselytizer, serial_shops, shop,
          hangedman_decor_growths
D:5:      layout_gridville, okawaru_metal_pillars_1_2,
          nicolae_ossuary_entry_giza
D:6:      layout_rooms, overflow_temple_1_default, kennysheep_little_box,
          uniq_sigmund
D:7:      layout_basic, grunt_temple_overflow_growth_and_decay,
          ashenzari_altar_1, nicolae_overflow_hidden_temple, sigmund_army
D:8:      layout_loops_ring, kennysheep_mini
D:9:      minmay_flawed_box, layout_long_grid, kennysheep_mini_moat
D:10:     layout_roguey, erik_orc_2
D:11:     layout_cave_pods, erik_lair_island, basic_altar, lemuel_oklob_altar
D:12:     layout_small_grid
D:14:     layout_loops_ring, special_room [special_room_mythical_zoo],
          nicolae_straight_to_the_point, uniq_frances, uniq_rupert
D:15:     hangedman_depths_entry_civil_slaughter, layout_basic

Skill      XL: |  1  2  3  4  5  6  7  8  9 10 11 |
---------------+----------------------------------+-----
Fighting       | 3 4 5 7 9 |  9.6
Long Blades    | 4 5 6 8 10 13 14 15 | 15.1
Dodging        | 4 6 |  6.7
Armour         | |  1.5

Action                   |  1- 3 |  4- 6 |  7- 9 | 10-12 || total
-------------------------+-------+-------+-------+-------++-------
Melee: Falchion          |    87 |   167 |   472 |   104 ||   830
       Bite              |    16 |    17 |    68 |    64 ||   165
       Long sword        |       |       |       |   284 ||   284
       Great sword       |       |       |       |    15 ||    15
       Scimitar          |       |       |       |    75 ||    75
Invok: Berserk           |     1 |    12 |    24 |    22 ||    59
       Trog's Hand       |       |       |     4 |     6 ||    10
       Brothers in Arms  |       |       |       |     1 ||     1
  Use: Scroll            |     3 |    10 |     7 |    14 ||    34
       Potion            |       |       |     3 |     9 ||    12
 Stab: Sleeping          |       |       |     9 |       ||     9
Armor: Ring mail         |     3 |       |       |       ||     3
       Scale mail        |    30 |    71 |   189 |   162 ||   452
       Troll leather arm |       |       |       |    50 ||    50
Dodge: Dodged            |    61 |    84 |   202 |   291 ||   638
       Rpst.: Falchion   |    21 |    25 |    67 |    17 ||   130
       Long sword        |       |       |       |    57 ||    57
       Scimitar          |       |       |       |     7 ||     7

Table legend: (Time is in decaauts)
 A = Elapsed time spent in this place.
 B = Non-inter-level travel time spent in this place.
 C = Inter-level travel time spent in this place.
 D = Time resting spent in this place.
 E = Time spent auto-exploring this place.
 F = Levels seen in this place.
 G = Mean time per level.
                   A        B        C        D        E       F      G
               +--------+--------+--------+--------+--------+-----+--------+
         Total |  13045 |  12497 |    548 |   4699 |   5526 |  15 |  869.7 |
       Dungeon |  12451 |  11903 |    548 |   4371 |   5473 |  14 |  889.4 |
       Ossuary |    594 |    594 |      0 |    328 |     53 |   1 |  594.0 |
               +--------+--------+--------+--------+--------+-----+--------+

Top non-repeatable levels by time:
     D:3: 1644 daAuts
     D:7: 1594 daAuts
    D:11: 1468 daAuts
     D:9: 1374 daAuts
     D:8: 1104 daAuts
     D:5: 981 daAuts
    D:10: 933 daAuts
     D:4: 911 daAuts
     D:6: 784 daAuts
     D:1: 758 daAuts
 Ossuary: 594 daAuts
     D:2: 544 daAuts
    D:12: 290 daAuts
    D:15: 50 daAuts
    D:14: 7 daAuts
